Unix NetHack Version 5.0.0-0 post-release - last build May  4 2026 22:22:43 (774f63e81ad911689b3a0859ea89b322d5daca8d,branch:main).

Game began 2026-05-04 10:58:16, ended 2026-05-05 03:29:12.

2460080212, lawful female human Valkyrie

   ---
   ..--                   --------
   ...|          -----    |......|
   ..--          |....|   -.---..-
   -.--        ---.%..|  -..-  -...--
   ...|       --....|.---....  |....|     --.|
   ...|       |..|.-|.......   |.|.--     |..--
   ...--      |..|.-|.-----    |.---      -...|
   .-..--     ----..|..|       |..       |....|
  ......|        ......--      -...      -....|.
|.-....--        -......--     .....     .......-
|..---*|         |.......|      ....#    -..|....
--.|         --- |.|.....|       .....   |..| ..-
 |)|         |..--.|...*.|        ....----..#
 |.|----------.....|.....##        .......G)|
 |.|...............|-.....#-      ...---..-h|
 |...----------. ------....|      ..--  ...>|
 --..|                ------      ---   ..---
  ---
2460080212 the Skirmisher   St:18/06 Dx:10 Co:18 In:7 Wi:9 Ch:7  Lawful
Dlvl:5  $:64 HP:0(39) Pw:4(4) AC:6  Xp:3 T:2059 

Latest messages:
 It's a wall.
 It's a wall.
 You swap places with the peaceful hobbit.
 The gnome hits!
 You have no ammunition readied.
 What do you want to fire? [$ or ?*] <esc>
 Never mind.
 The gnome swings wildly and misses!
 The gnome misses!
 You miss the dwarf.
 You miss the dwarf.
 The dwarf swings his dwarvish mattock.
 The dwarf misses!
 You miss the dwarf.
 You miss the dwarf.
 You miss the dwarf.
 You miss the dwarf.
 The dwarf swings his dwarvish mattock.
 The dwarf misses!
 The gnome hits!
 You miss the dwarf.
 The gnome hits!
 You miss the dwarf.
 The dwarf swings his dwarvish mattock.
 The dwarf just misses!
 The gnome misses!
 You are hit by an aklys!
 The aklys returns to its hand!
 You miss the dwarf.
 You hit the dwarf!
 The gnome hits!
 You are hit by an aklys.
 You miss the gnome.
 A dart misses you.
 You kill the gnome!
 The dwarf swings his dwarvish mattock.
 The dwarf hits!
 You have no ammunition readied.
 What do you want to fire? [$ or ?*] <esc>
 Never mind.
 What do you want to throw? [$ or ?*] <esc>
 Never mind.
 What do you want to drink? [kl or ?*] k
 You are suddenly moving much faster.
 Your quickness feels very natural.
 The dwarf swings his dwarvish mattock.
 The dwarf hits!
 You die...
 Do you want your possessions identified? [ynq] (y) n
 Do you want to see your attributes? [ynq] (y) q

Inventory:
 Coins    ('$')
  $ - 64 gold pieces
 Weapons  (')')
  h - a +0 silver spear (weapon in right hand)
 Armor    ('[')
  g - an uncursed +0 orcish helm
  c - an uncursed +3 small shield (being worn)
 Comestibles  ('%')
  d - 4 uncursed food rations
  m - an uncursed lichen corpse
 Spellbooks  ('+')
  o - an uncursed spellbook of force bolt
  p - an uncursed spellbook of light
 Potions  ('!')
  l - an uncursed potion of extra healing
 Tools    ('(')
  n - an uncursed leash
  e - an uncursed oil lamp
  q - an uncursed stethoscope

2460080212 the Valkyrie's attributes:

Background:
 You were a Skirmisher, a level 3 human Valkyrie.
 You were lawful, nominally on a mission for Tyr
 who was opposed by Odin (neutral) and Loki (chaotic).
 You were right-handed.
 You were in the Gnomish Mines, on level 5.
 You entered the dungeon 2059 turns ago.
 It was nighttime.
 You had 58 experience points, 22 more were needed to attain level 4.

Basics:
 You had 0 out of 39 hit points.
 You had all 4 energy points (spell power).
 Your armor class was 6.
 Your wallet contained 64 zorkmids.
 Autopickup was off.

Final Characteristics:
 Your strength was 18/06 (limit:18/100).
 Your dexterity was 10 (limit:18).
 Your constitution was 18 (limit:18).
 Your intelligence was 7 (limit:18).
 Your wisdom was 9 (limit:18).
 Your charisma was 7 (limit:18).

Final Status:
 You weren't hungry.
 You were unencumbered.
 You were wielding a spear.
 You had basic skill with spear.

Final Attributes:
 You were devoutly aligned.
 You were cold resistant.
 You were invisible.
 You were stealthy.
 You were very fast.
 You are dead.

Miscellaneous:
 You didn't encounter any bones levels.
 Total elapsed playing time was 2 hours and 41 seconds.

Major events:
 Turn
    1: 2460080212 the lawful human Valkyrie entered the dungeon
 1314: entered the Gnomish Mines
 1882: attained the rank of Skirmisher (level 3)
 2059: killed by a dwarf

You didn't know any spells.

Skills:
 Fighting Skills
   bare handed combat [Unskilled]
   two weapon combat  [Unskilled]
   riding             [Unskilled]
 Weapon Skills
   dagger             [Basic]
   axe                [Unskilled]
   pick-axe           [Unskilled]
   short sword        [Unskilled]
   broadsword         [Unskilled]
   long sword         [Unskilled]
   two-handed sword   [Unskilled]
   saber              [Unskilled]
   hammer             [Unskilled]
   quarterstaff       [Unskilled]
   polearms           [Unskilled]
   spear              [Basic]
   trident            [Unskilled]
   lance              [Unskilled]
   sling              [Unskilled]
 Spellcasting Skills
   attack spells      [Unskilled]
   escape spells      [Unskilled]

Voluntary challenges:
 Character rerolling was not enabled.
 You followed a strict vegan diet.
 You were an atheist.
 You were illiterate.
 You never genocided any monsters.
 You never polymorphed an object.
 You never changed form.
 You used no wishes.
Achievements:
 You entered a shop.
 You entered the Gnomish Mines.
 You attained the rank of Skirmisher.

 The Dungeons of Doom: levels 1 to 3
    Level 1:
    Level 2:
       A potion shop, a fountain.
    Level 3:
       Stairs down to The Gnomish Mines.
 The Gnomish Mines: levels 4 to 5
    Level 4:
    Level 5: <- You were here.
       Final resting place for
          you, killed by a dwarf.
 The Tutorial:
    Level 1:
       A tree.


Vanquished creatures:
  3 gnome leaders
  2 dwarves
  a kobold leader
  a hobbit
  a yellow mold
 10 gnomes
  a gecko
  a jackal
  5 foxes
  a kobold
  2 goblins
  3 grid bugs
  2 lichens
  a kobold zombie
  6 newts
40 creatures vanquished.

No species were genocided or became extinct.

Game over:
                       ----------
                      /          \
                     /    REST    \
                    /      IN      \
                   /     PEACE      \
                  /                  \
                  |    2460080212    |
                  |      64 Au       |
                  |   killed by a    |
                  |      dwarf       |
                  |                  |
                  |                  |
                  |       2026       |
                 *|     *  *  *      | *
        _________)/\\_//(\/(/\)/\//\/|_)_______

Farvel 2460080212 the Valkyrie...

You died in The Gnomish Mines on dungeon level 5 with 500 points,
and 64 pieces of gold, after 2059 moves.
You were level 3 with a maximum of 39 hit points when you died.

